Flyers vs Sharks

Created - 23 février 2017 at 23:14

Goals
1 2 3 T
Flyers 0 4 1 5
Sharks 1 4 2 7
Shots
1 2 3 T
Flyers 10 16 7 33
Sharks 7 12 15 34

1st period

1. Sharks , Mike Green 10 (David Legwand) at 16:11 (PP)

Penalties :
Brad Boyes (SJS) for Delaying the game (Minor) at 3:19, Chris Kreider (Phi) for Slashing (Minor) at 15:51, Damien Brunner (SJS) for Hooking (Minor) at 17:01

2nd period

2. Flyers , Alexei Morozov 23 (Dany Heatley, Kyle Wellwood) at 4:27 (PP)
3. Flyers , Chris Kreider 14 (Pavel Kubina, Jeff Carter) at 4:41
4. Sharks , Derek Boogaard 13 (David Legwand, Kevin Shattenkirk) at 6:02
5. Sharks , Ryane Clowe 11 (Antoine Vermette, Kim Johnsson) at 6:55 (PP)
6. Sharks , Brad Boyes 27 (David Legwand, Kim Johnsson) at 9:32
7. Flyers , Kyle Wellwood 18 (Alexei Morozov, Dany Heatley) at 12:33 (PP)
8. Sharks , David Legwand 29 (Kevin Shattenkirk) at 15:12
9. Flyers , Jeff Carter 25 (Jakub Voracek, Chris Kreider) at 17:21 (PP)

Penalties :
Ryane Clowe (SJS) for Interference (Minor) at 3:16, Jeff Carter (Phi) for Goalie Interference (Minor) at 6:07, Damien Brunner (SJS) for Interference (Minor) at 11:22, Boris Valabik (SJS) for Slashing (Minor) at 17:16, Nick Palmieri (SJS) for Hooking (Minor) at 18:29

3rd period

10. Sharks , David Legwand 30 (Brad Boyes, Derek Boogaard) at 1:08
11. Flyers , Jakub Voracek 18 (Jeff Carter) at 6:04
12. Sharks , Nick Palmieri 2 (Antoine Vermette, Ryane Clowe) at 6:58 (PP)

Penalties :
Jeff Carter (Phi) for Hooking (Minor) at 6:15, Nick Palmieri (SJS) for Slashing (Minor) at 10:47, Chris Kreider (Phi) for Slashing (Minor) at 16:20, Nick Palmieri (SJS) for Roughing (Minor) at 16:51

Goalie Stats

Cory Schneider (Phi), 12 saves from 16 shots - (0,750), 29:32 minutes
Steve Mason (Phi), 15 saves from 18 shots - (0,833), L, 6-12-4, 30:28 minutes
Frederik Andersen (SJS), 28 saves from 33 shots - (0,848), W, 7-14-2, 60:00 minutes

Players Stats for Flyers

Player Name              G  A  P  +/- PIM S  H  SB GA TA FO     MP     PP MP  PK MP  
------------------------------------------------------------------------------------
Alexei Morozov           1  1  2  -1  0   4  2  0  0  0  0/1    19:07   5:27   0:00 
Brock Nelson             0  0  0   0  0   0  1  0  0  0  0/1     9:08   0:00   0:00 
Chris Kreider            1  1  2   1  4   2  1  1  1  0  2/2    19:40   5:28   0:00 
Dany Heatley             0  2  2  -1  0   2  2  0  0  0  0/0    18:22   5:26   0:00 
Jakub Voracek            1  1  2   1  0   2  3  0  1  2  1/1    19:41   5:27   0:00 
Jeff Carter              1  2  3   1  4   4  0  1  1  0  16/34  20:36   5:18   0:00 
Jeff O'Neill             0  0  0  -2  0   0  1  0  0  0  6/8     9:31   0:00   0:11 
Jeff Woywitka            0  0  0  -1  0   4  1  1  1  0  0/0    27:08   7:43   2:04 
John-Michael Liles       0  0  0   1  0   0  0  1  0  0  0/0    11:18   0:00   0:00 
Jonathan Ericsson        0  0  0  -1  0   5  0  0  2  0  0/0    27:08   7:43   2:04 
Kyle Wellwood            1  1  2  -1  0   2  2  0  0  0  4/10   18:32   5:36   0:00 
Mats Zuccarello          0  0  0   0  0   1  0  0  1  0  0/0    11:19   0:00   2:11 
Matt Smaby               0  0  0  -2  0   0  1  1  2  0  0/0    21:34   3:11   0:18 
Matthew Lombardi         0  0  0   0  0   3  0  0  1  0  4/9    11:19   0:00   2:11 
Nathan Paetsch           0  0  0   1  0   1  2  1  0  0  0/0    11:36   0:00   0:18 
Pavel Kubina             0  1  1  -2  0   1  0  0  1  0  0/0    21:16   3:11   0:00 
Rostislav Olesz          0  0  0  -2  0   0  0  1  1  1  0/0     9:31   0:00   0:11 
Stefan Ruzicka           0  0  0  -2  0   2  0  0  0  1  0/0     9:20   0:00   0:00 

Players Stats for Sharks

Player Name              G  A  P  +/- PIM S  H  SB GA TA FO     MP     PP MP  PK MP  
------------------------------------------------------------------------------------
Andrej Sekera            0  0  0   0  0   0  1  1  0  0  0/0    16:29   0:00   5:09 
Antoine Vermette         0  2  2   0  0   1  3  1  0  1  4/8    17:03   0:45   4:11 
Boris Valabik            0  0  0   0  2   1  2  0  0  1  0/0    16:13   0:00   5:00 
Brad Boyes               1  1  2   3  2   7  1  1  0  0  0/0    18:23   1:37   0:00 
Cal Clutterbuck          0  0  0   0  0   1  3  0  0  0  0/0    13:35   0:00   5:44 
Damien Brunner           0  0  0  -1  4   1  1  0  1  0  0/0    10:45   0:00   0:00 
David Legwand            2  3  5   3  0   6  0  5  0  1  22/39  19:15   1:37   0:32 
Derek Boogaard           1  1  2   3  0   3  1  2  1  1  0/3    21:12   1:37   4:11 
Greg Campbell            0  0  0  -1  0   0  0  0  0  1  7/15   17:01   0:00   6:29 
Kevin Shattenkirk        0  2  2   1  0   1  2  1  0  1  0/0    20:33   1:34   0:00 
Kim Johnsson             0  2  2   1  0   2  3  1  0  2  0/0    16:08   0:48   0:53 
Lasse Kukkonen           0  0  0   1  0   1  0  0  0  3  0/0    22:37   0:48   5:45 
Mike Green               1  0  1   1  0   4  2  3  1  0  0/0    27:17   1:34   5:01 
Nick Palmieri            1  0  1   0  6   3  1  1  0  0  0/0    13:29   0:44   0:00 
Oskar Osala              0  0  0  -1  0   1  1  0  0  1  0/0     9:59   0:00   0:00 
Ryane Clowe              1  1  2   0  2   1  2  0  0  0  0/1    13:27   0:45   0:41 
T.J. Hensick             0  0  0   0  0   0  1  0  0  0  0/0     7:11   0:00   0:00 
Tuomo Ruutu              0  0  0   0  0   1  0  0  1  0  0/0     6:53   0:00   0:00 

3 Stars

1 - David Legwand (SJS)
2 - Derek Boogaard (SJS)
3 - Jakub Voracek (Phi)

Power Play

Flyers - 3 on 8 Attempt(s) - 37,50%
Sharks - 3 on 4 Attempt(s) - 75,00%

Penalty Kill

Flyers - 1 on 4 Attempt(s) - 25,00% - Score 0 goal in Penalty Kill
Sharks - 5 on 8 Attempt(s) - 62,50% - Score 0 goal in Penalty Kill

Team Stat

Flyers - Hits : 16 - Faceoff Wins : 33 - Blocked Shots : 7 - Penalty Minutes : 8
Sharks - Hits : 24 - Faceoff Wins : 33 - Blocked Shots : 16 - Penalty Minutes : 16

Official

Referees : Leggo Mike and Morton Dean
Linesman : Dan Schachte and Brian Mach

Game Notes

Steve Mason enters game at 9:32 of 2nd period

Finance

Level 1 -- Attendance: 4059 (67,65%) -- Ticket Income 365 310 $
Level 2 -- Attendance: 3083 (61,66%) -- Ticket Income 184 980 $
Level 3 -- Attendance: 1162 (58,10%) -- Ticket Income 46 480 $
Level 4 -- Attendance: 3910 (97,75%) -- Ticket Income 78 200 $
Luxury Box -- Attendance: 727 (72,70%) -- Ticket Income 130 860 $
Game was played at the Hockey Place Center.
Total Attendance: 12941 (71,89%)
Total Ticket Income: 805 830 $
Other Income: 120 874 $
Total Income: 926 704 $

Flyers

5 vs 5 Forward 
   Center                   Left Wing                Right Wing               Time % Phy DF OF 
 1 Jeff Carter              Chris Kreider            Jakub Voracek            40     1   1  3  
 2 Kyle Wellwood            Dany Heatley             Alexei Morozov           30     1   1  3  
 3 Matthew Lombardi         Brock Nelson             Mats Zuccarello          15     0   3  2  
 4 Jeff O'Neill             Rostislav Olesz          Stefan Ruzicka           15     0   3  2  

5 vs 5 Defense 
   Defense                  Defense                                           Time % Phy DF OF 
 1 Jonathan Ericsson        Jeff Woywitka                                     40     0   3  2  
 2 Matt Smaby               Pavel Kubina                                      40     0   3  2  
 3 Nathan Paetsch           John-Michael Liles                                15     0   5  0  
 4 Jonathan Ericsson        Jeff Woywitka                                     5      0   3  2  

PowerPlay Forward 
   Center                   Left Wing                Right Wing               Time % Phy DF OF 
 1 Jeff Carter              Chris Kreider            Jakub Voracek            50     0   0  5  
 2 Kyle Wellwood            Dany Heatley             Alexei Morozov           50     0   0  5  

PowerPlay Defense
   Defense                  Defense                                           Time % Phy DF OF 
 1 Jonathan Ericsson        Jeff Woywitka                                     60     0   2  3  
 2 Matt Smaby               Pavel Kubina                                      40     0   3  2  

Penalty Kill 4 Players Forward 
   Center                   Wing                     Time % Phy DF OF 
 1 Matthew Lombardi         Mats Zuccarello          60     0   5  0  
 2 Jeff O'Neill             Rostislav Olesz          40     0   5  0  

Penalty Kill 4 Players Defense
   Defense                  Defense                  Time % Phy DF OF 
 1 Jeff Woywitka            Jonathan Ericsson        60     0   5  0  
 2 Matt Smaby               Nathan Paetsch           40     0   5  0  

Penalty Kill - 3 Players Forward 
   Forward                                           Time % Phy DF OF 
 1 Matthew Lombardi                                  60     0   5  0  
 2 Jeff O'Neill                                      40     0   5  0  

Penalty Kill - 3 Players Defense
   Defense                  Defense                  Time % Phy DF OF 
 1 Jonathan Ericsson        Jeff Woywitka            60     0   5  0  
 2 Nathan Paetsch           Matt Smaby               40     0   5  0  

4 vs 4 Forward 
   Center                   Wing                     Time % Phy DF OF 
 1 Jeff Carter              Alexei Morozov           60     1   1  3  
 2 Kyle Wellwood            Dany Heatley             40     0   2  3  

4 vs 4 Defense
   Defense                  Defense                  Time % Phy DF OF 
 1 Jeff Woywitka            Jonathan Ericsson        60     0   3  2  
 2 Matt Smaby               Pavel Kubina             40     0   3  2  

Last Minutes Offensive
   Center                   Left Wing                Right Wing               Defense                  Defense                  
   Jeff Carter              Dany Heatley             Alexei Morozov           Jeff Woywitka            Jonathan Ericsson        

Last Minutes Defensive
   Center                   Left Wing                Right Wing               Defense                  Defense                  
   Matthew Lombardi         Dany Heatley             Alexei Morozov           Jeff Woywitka            Jonathan Ericsson        

Goaltenders
Starting : Cory Schneider           
Backup : Steve Mason              

Extra Forwards
Normal : Jeff Carter, Kyle Wellwood, Alexei Morozov - PP : Jeff Carter, Kyle Wellwood - PK : Matthew Lombardi
Extra Defensemen
Normal : Jonathan Ericsson, Jeff Woywitka, Matt Smaby - PP : Jonathan Ericsson - PK : Jeff Woywitka, Jonathan Ericsson
Penalty Shots
Jeff Carter, Dany Heatley, Kyle Wellwood, Alexei Morozov, Mats Zuccarello

Sharks

5 vs 5 Forward 
   Center                   Left Wing                Right Wing               Time % Phy DF OF 
 1 David Legwand            Derek Boogaard           Brad Boyes               40     2   2  1  
 2 Antoine Vermette         Ryane Clowe              Nick Palmieri            30     2   2  1  
 3 Greg Campbell            Oskar Osala              Damien Brunner           20     2   2  1  
 4 T.J. Hensick             Tuomo Ruutu              Cal Clutterbuck          10     2   2  1  

5 vs 5 Defense 
   Defense                  Defense                                           Time % Phy DF OF 
 1 Mike Green               Kevin Shattenkirk                                 40     2   2  1  
 2 Kim Johnsson             Lasse Kukkonen                                    30     2   2  1  
 3 Andrej Sekera            Boris Valabik                                     20     2   2  1  
 4 Mike Green               Kevin Shattenkirk                                 10     2   2  1  

PowerPlay Forward 
   Center                   Left Wing                Right Wing               Time % Phy DF OF 
 1 David Legwand            Derek Boogaard           Brad Boyes               60     2   1  2  
 2 Antoine Vermette         Ryane Clowe              Nick Palmieri            40     2   1  2  

PowerPlay Defense
   Defense                  Defense                                           Time % Phy DF OF 
 1 Mike Green               Kevin Shattenkirk                                 60     2   1  2  
 2 Kim Johnsson             Lasse Kukkonen                                    40     2   1  2  

Penalty Kill 4 Players Forward 
   Center                   Wing                     Time % Phy DF OF 
 1 Greg Campbell            Cal Clutterbuck          60     2   3  0  
 2 Derek Boogaard           Antoine Vermette         40     2   3  0  

Penalty Kill 4 Players Defense
   Defense                  Defense                  Time % Phy DF OF 
 1 Mike Green               Lasse Kukkonen           60     2   3  0  
 2 Andrej Sekera            Boris Valabik            40     2   3  0  

Penalty Kill - 3 Players Forward 
   Forward                                           Time % Phy DF OF 
 1 Greg Campbell                                     60     1   4  0  
 2 Tuomo Ruutu                                       40     1   4  0  

Penalty Kill - 3 Players Defense
   Defense                  Defense                  Time % Phy DF OF 
 1 Mike Green               Lasse Kukkonen           60     1   4  0  
 2 Andrej Sekera            Boris Valabik            40     1   4  0  

4 vs 4 Forward 
   Center                   Wing                     Time % Phy DF OF 
 1 David Legwand            Brad Boyes               60     2   2  1  
 2 Antoine Vermette         Damien Brunner           40     2   2  1  

4 vs 4 Defense
   Defense                  Defense                  Time % Phy DF OF 
 1 Mike Green               Lasse Kukkonen           60     2   2  1  
 2 Boris Valabik            Lasse Kukkonen           40     2   2  1  

Last Minutes Offensive
   Center                   Left Wing                Right Wing               Defense                  Defense                  
   David Legwand            Derek Boogaard           Brad Boyes               Mike Green               Kevin Shattenkirk        

Last Minutes Defensive
   Center                   Left Wing                Right Wing               Defense                  Defense                  
   David Legwand            Greg Campbell            Cal Clutterbuck          Mike Green               Lasse Kukkonen           

Goaltenders
Starting : Frederik Andersen        
Backup : Mike Brodeur             

Extra Forwards
Normal : Cal Clutterbuck, T.J. Hensick, Nick Palmieri - PP : Tuomo Ruutu, T.J. Hensick - PK : Greg Campbell
Extra Defensemen
Normal : Andrej Sekera, Boris Valabik, Kevin Shattenkirk - PP : Andrej Sekera - PK : Boris Valabik, Kevin Shattenkirk
Penalty Shots
Tuomo Ruutu, Brad Boyes, Greg Campbell, Ryane Clowe, Antoine Vermette

% Time on Ice - Flyers

Lines # - Real PCT - Wanted PCT - Time Play
Normal Forward
1 - 31% - 40% - 14:14
2 - 28% - 30% - 12:34
3 - 20% - 15% - 9:08
4 - 21% - 15% - 9:20
Normal Defense
1 - 36% - 40% - 16:27
2 - 39% - 40% - 17:31
3 - 25% - 15% - 11:18
4 - 0% - 5% - 0:00
PP Forward
1 - 50% - 50% - 5:28
2 - 50% - 50% - 5:26
PP Defense
1 - 71% - 60% - 7:43
2 - 29% - 40% - 3:11
PK Forward
1 - 92% - 60% - 2:11
2 - 8% - 40% - 0:11
PK Defense
1 - 87% - 60% - 2:04
2 - 13% - 40% - 0:18
PK3 Forward
1 - 0% - 60%
2 - 0% - 40%
PK3 Defense
1 - 0% - 60%
2 - 0% - 40%
44 Forward
1 - 75% - 60% - 1:06
2 - 25% - 40% - 0:22
44 Defense
1 - 61% - 60% - 0:54
2 - 39% - 40% - 0:34
Last Minute Offensive  - 0:00
Last Minute Defensive  - 0:00
Total
Forward - 60:00
Defense - 60:00

% Time on Ice - Sharks

Lines # - Real PCT - Wanted PCT - Time Play
Normal Forward
1 - 37% - 40% - 16:41
2 - 26% - 30% - 11:43
3 - 22% - 20% - 9:59
4 - 15% - 10% - 6:53
Normal Defense
1 - 39% - 40% - 17:49
2 - 36% - 30% - 16:05
3 - 21% - 20% - 9:42
4 - 4% - 10% - 1:40
PP Forward
1 - 68% - 60% - 1:37
2 - 32% - 40% - 0:45
PP Defense
1 - 66% - 60% - 1:34
2 - 34% - 40% - 0:48
PK Forward
1 - 75% - 60% - 8:12
2 - 25% - 40% - 2:42
PK Defense
1 - 54% - 60% - 5:54
2 - 46% - 40% - 5:00
PK3 Forward
1 - 0% - 60%
2 - 0% - 40%
PK3 Defense
1 - 0% - 60%
2 - 0% - 40%
44 Forward
1 - 73% - 60% - 1:04
2 - 27% - 40% - 0:24
44 Defense
1 - 83% - 60% - 1:13
2 - 17% - 40% - 0:15
Last Minute Offensive  - 0:00
Last Minute Defensive  - 0:00
Total
Forward - 60:00
Defense - 60:00

Play by Play

1st period


0:01 of 1st period - David Legwand wins face-off versus Jeff Carter in neutral zone.
0:26 of 1st period - Kevin Shattenkirk is hit by Kyle Wellwood and loses puck.
0:49 of 1st period - Damien Brunner is hit by Brock Nelson.
1:56 of 1st period - Wrist shot by Cal Clutterbuck.
1:56 of 1st period - Stopped by Cory Schneider with a rebound.
1:58 of 1st period - Slapshot by Mike Green.
1:58 of 1st period - Shot Misses the Net.
2:08 of 1st period - Kevin Shattenkirk is hit by Jeff O'Neill.
2:56 of 1st period - Slapshot by Mike Green.
2:56 of 1st period - Stopped by Cory Schneider without a rebound.
2:57 of 1st period - Jeff Carter wins face-off versus David Legwand in Flyers zone.
2:57 of 1st period - Jeff Carter is hit by Kim Johnsson.
3:05 of 1st period - Wrist shot by Jeff Carter.
3:05 of 1st period - Stopped by Frederik Andersen with a rebound.
3:07 of 1st period - Snap shot by Jeff Carter.
3:07 of 1st period - Shot Blocked by David Legwand.
3:09 of 1st period - Slapshot by Jonathan Ericsson.
3:09 of 1st period - Shot Blocked by Kim Johnsson.
3:11 of 1st period - Slapshot by Jeff Carter.
3:11 of 1st period - Shot Blocked by David Legwand.
3:19 of 1st period - Minor Penalty to Brad Boyes for Delaying the game.
3:20 of 1st period - Jeff Carter wins face-off versus Greg Campbell in Sharks zone.
3:21 of 1st period - Snap shot by Jakub Voracek.
3:21 of 1st period - Shot Blocked by Andrej Sekera.
3:23 of 1st period - Slapshot by Chris Kreider.
3:23 of 1st period - Shot Misses the Net.
3:25 of 1st period - Snap shot by Jeff Woywitka.
3:25 of 1st period - Stopped by Frederik Andersen with a rebound.
5:19 of 1st period - Penalty to Brad Boyes is over, Brad Boyes is back on ice.
8:03 of 1st period - Nathan Paetsch is hit by T.J. Hensick.
8:13 of 1st period - Pavel Kubina is hit by Boris Valabik.
8:23 of 1st period - Nathan Paetsch is hit by Brad Boyes.
8:39 of 1st period - John-Michael Liles is hit by Oskar Osala.
8:53 of 1st period - Matthew Lombardi is hit by Kim Johnsson and loses puck.
9:14 of 1st period - Jeff Carter is hit by Cal Clutterbuck and loses puck.
9:32 of 1st period - Damien Brunner is hit by Dany Heatley and loses puck.
10:54 of 1st period - Andrej Sekera is hit by Nathan Paetsch and loses puck.
11:07 of 1st period - Snap shot by Kyle Wellwood.
11:07 of 1st period - Shot Misses the Net.
11:15 of 1st period - Dany Heatley is hit by Andrej Sekera.
11:19 of 1st period - Kyle Wellwood is hit by Boris Valabik and loses puck.
11:34 of 1st period - Slapshot by Antoine Vermette.
11:34 of 1st period - Shot Misses the Net.
11:50 of 1st period - Snap shot by Dany Heatley.
11:50 of 1st period - Shot Misses the Net.
11:52 of 1st period - Wrist shot by Kyle Wellwood.
11:52 of 1st period - Shot Misses the Net.
11:54 of 1st period - Slapshot by Jonathan Ericsson.
11:54 of 1st period - Shot Blocked by Brad Boyes.
11:56 of 1st period - Wrist shot by Alexei Morozov.
11:56 of 1st period - Shot Misses the Net.
11:58 of 1st period - Snap shot by Dany Heatley.
11:58 of 1st period - Shot Misses the Net.
12:00 of 1st period - Slapshot by Jonathan Ericsson.
12:00 of 1st period - Shot Misses the Net.
12:02 of 1st period - Slapshot by Jeff Woywitka.
12:02 of 1st period - Shot Blocked by David Legwand.
12:04 of 1st period - Slapshot by Jonathan Ericsson.
12:04 of 1st period - Stopped by Frederik Andersen with a rebound.
12:06 of 1st period - Snap shot by Jonathan Ericsson.
12:06 of 1st period - Stopped by Frederik Andersen with a rebound.
12:08 of 1st period - Slapshot by Jeff Woywitka.
12:08 of 1st period - Stopped by Frederik Andersen with a rebound.
12:10 of 1st period - Snap shot by Dany Heatley.
12:10 of 1st period - Stopped by Frederik Andersen with a rebound.
12:12 of 1st period - Slapshot by Jonathan Ericsson.
12:12 of 1st period - Shot Misses the Net.
12:14 of 1st period - Snap shot by Jonathan Ericsson.
12:14 of 1st period - Stopped by Frederik Andersen without a rebound.
12:15 of 1st period - Antoine Vermette wins face-off versus Jeff Carter in Sharks zone.
12:44 of 1st period - Slapshot by Pavel Kubina.
12:44 of 1st period - Shot Misses the Net.
12:46 of 1st period - Wrist shot by Brock Nelson.
12:46 of 1st period - Shot Misses the Net.
12:48 of 1st period - Slapshot by Nathan Paetsch.
12:48 of 1st period - Stopped by Frederik Andersen with a rebound.
12:50 of 1st period - Slapshot by Matthew Lombardi.
12:50 of 1st period - Stopped by Frederik Andersen without a rebound.
12:51 of 1st period - Matthew Lombardi wins face-off versus David Legwand in Sharks zone.
13:17 of 1st period - Chris Kreider is hit by Antoine Vermette and loses puck.
13:26 of 1st period - Wrist shot by Ryane Clowe.
13:26 of 1st period - Shot Blocked by Jeff Carter.
14:40 of 1st period - Kyle Wellwood is hit by Cal Clutterbuck and loses puck.
14:51 of 1st period - Snap shot by Oskar Osala.
14:51 of 1st period - Stopped by Cory Schneider without a rebound.
14:52 of 1st period - Jeff O'Neill wins face-off versus Greg Campbell in Flyers zone.
15:18 of 1st period - Wrist shot by David Legwand.
15:18 of 1st period - Stopped by Cory Schneider with a rebound.
15:26 of 1st period - Wrist shot by Derek Boogaard.
15:26 of 1st period - Stopped by Cory Schneider with a rebound.
15:28 of 1st period - Slapshot by Mike Green.
15:28 of 1st period - Shot Blocked by Chris Kreider.
15:38 of 1st period - Slapshot by Dany Heatley.
15:38 of 1st period - Deflect By Kim Johnsson.
15:38 of 1st period - Shot Blocked by Nick Palmieri.
15:38 of 1st period - Puck is out of play.
15:39 of 1st period - Antoine Vermette wins face-off versus Kyle Wellwood in Sharks zone.
15:44 of 1st period - Slapshot by Kyle Wellwood.
15:44 of 1st period - Stopped by Frederik Andersen without a rebound.
15:45 of 1st period - David Legwand wins face-off versus Jeff Carter in Sharks zone.
15:51 of 1st period - Minor Penalty to Chris Kreider for Slashing.
15:52 of 1st period - Matthew Lombardi wins face-off versus David Legwand in Flyers zone.
16:05 of 1st period - Off-side.
16:06 of 1st period - David Legwand wins face-off versus Matthew Lombardi in neutral zone.
16:11 of 1st period - Snap shot by Mike Green.
16:11 of 1st period - Goal by Mike Green - Flyers : 0 - Sharks : 1.
16:12 of 1st period - Jeff Carter wins face-off versus David Legwand in neutral zone.
16:22 of 1st period - David Legwand is hit by Chris Kreider and loses puck.
16:37 of 1st period - Lasse Kukkonen is hit by Alexei Morozov and loses puck.
16:43 of 1st period - Kim Johnsson is hit by Matt Smaby and loses puck.
17:01 of 1st period - Minor Penalty to Damien Brunner for Hooking.
17:02 of 1st period - Greg Campbell wins face-off versus Kyle Wellwood in Sharks zone.
17:32 of 1st period - Snap shot by Antoine Vermette.
17:32 of 1st period - Shot Misses the Net.
18:22 of 1st period - Icing by Kyle Wellwood.
18:23 of 1st period - Kyle Wellwood wins face-off versus Derek Boogaard in Flyers zone.
19:01 of 1st period - Penalty to Damien Brunner is over, Damien Brunner is back on ice.
19:22 of 1st period - Wrist shot by Cal Clutterbuck.
19:22 of 1st period - Shot Misses the Net.
19:24 of 1st period - Wrist shot by Boris Valabik.
19:24 of 1st period - Stopped by Cory Schneider without a rebound.
19:25 of 1st period - David Legwand wins face-off versus Jeff O'Neill in Flyers zone.
19:36 of 1st period - Slapshot by David Legwand.
19:36 of 1st period - Shot Misses the Net.
19:38 of 1st period - Slapshot by Kevin Shattenkirk.
19:38 of 1st period - Shot Blocked by Rostislav Olesz.
19:50 of 1st period - Lasse Kukkonen is hit by Jakub Voracek and loses puck.
Goals for this period are 0 for Flyers vs 1 for Sharks.
Shots for this period are 10 for Flyers vs 7 for Sharks.

2nd period


0:01 of 2nd period - Chris Kreider wins face-off versus David Legwand in neutral zone.
0:04 of 2nd period - Snap shot by Jeff Woywitka.
0:04 of 2nd period - Stopped by Frederik Andersen without a rebound.
0:05 of 2nd period - David Legwand wins face-off versus Jeff Carter in Sharks zone.
1:00 of 2nd period - Snap shot by Matthew Lombardi.
1:00 of 2nd period - Stopped by Frederik Andersen with a rebound.
1:21 of 2nd period - Jeff Carter is hit by Cal Clutterbuck and loses puck.
1:54 of 2nd period - Slapshot by Nick Palmieri.
1:54 of 2nd period - Shot Blocked by John-Michael Liles.
2:14 of 2nd period - Icing by Jeff Carter.
2:15 of 2nd period - Greg Campbell wins face-off versus Jeff Carter in Flyers zone.
2:27 of 2nd period - Wrist shot by Greg Campbell.
2:27 of 2nd period - Shot Misses the Net.
2:29 of 2nd period - Snap shot by Andrej Sekera.
2:29 of 2nd period - Shot Misses the Net.
2:31 of 2nd period - Wrist shot by Greg Campbell.
2:31 of 2nd period - Shot Blocked by Nathan Paetsch.
2:45 of 2nd period - John-Michael Liles is hit by Derek Boogaard and loses puck.
3:01 of 2nd period - John-Michael Liles is hit by Antoine Vermette and loses puck.
3:10 of 2nd period - Wrist shot by Matthew Lombardi.
3:10 of 2nd period - Stopped by Frederik Andersen with a rebound.
3:16 of 2nd period - Minor Penalty to Ryane Clowe for Interference.
3:17 of 2nd period - Greg Campbell wins face-off versus Jeff Carter in Sharks zone.
3:49 of 2nd period - Icing by Dany Heatley.
3:50 of 2nd period - Greg Campbell wins face-off versus Kyle Wellwood in Flyers zone.
4:19 of 2nd period - Slapshot by Alexei Morozov.
4:19 of 2nd period - Stopped by Frederik Andersen with a rebound.
4:27 of 2nd period - Snap shot by Alexei Morozov.
4:27 of 2nd period - Goal by Alexei Morozov - Flyers : 1 - Sharks : 1.
4:28 of 2nd period - Jeff Carter wins face-off versus David Legwand in neutral zone.
4:35 of 2nd period - Snap shot by Jeff Carter.
4:35 of 2nd period - Stopped by Frederik Andersen with a rebound.
4:41 of 2nd period - Snap shot by Chris Kreider.
4:41 of 2nd period - Goal by Chris Kreider - Flyers : 2 - Sharks : 1.
4:42 of 2nd period - David Legwand wins face-off versus Jeff Carter in neutral zone.
5:50 of 2nd period - Snap shot by Stefan Ruzicka.
5:50 of 2nd period - Stopped by Frederik Andersen without a rebound.
5:51 of 2nd period - Jeff O'Neill wins face-off versus David Legwand in Sharks zone.
6:02 of 2nd period - Wrist shot by Derek Boogaard.
6:02 of 2nd period - Goal by Derek Boogaard - Flyers : 2 - Sharks : 2.
6:03 of 2nd period - David Legwand wins face-off versus Jeff Carter in neutral zone.
6:07 of 2nd period - Minor Penalty to Jeff Carter for Goalie Interference.
6:08 of 2nd period - Matthew Lombardi wins face-off versus David Legwand in Flyers zone.
6:21 of 2nd period - Wrist shot by Brad Boyes.
6:21 of 2nd period - Stopped by Cory Schneider with a rebound.
6:23 of 2nd period - Snap shot by David Legwand.
6:23 of 2nd period - Stopped by Cory Schneider without a rebound.
6:24 of 2nd period - David Legwand wins face-off versus Matthew Lombardi in Flyers zone.
6:31 of 2nd period - Wrist shot by Brad Boyes.
6:31 of 2nd period - Stopped by Cory Schneider with a rebound.
6:33 of 2nd period - Wrist shot by Mike Green.
6:33 of 2nd period - Shot Misses the Net.
6:37 of 2nd period - Snap shot by David Legwand.
6:37 of 2nd period - Shot Misses the Net.
6:49 of 2nd period - Snap shot by Nick Palmieri.
6:49 of 2nd period - Shot Misses the Net.
6:51 of 2nd period - Snap shot by Kim Johnsson.
6:51 of 2nd period - Stopped by Cory Schneider with a rebound.
6:53 of 2nd period - Slapshot by Antoine Vermette.
6:53 of 2nd period - Shot Misses the Net.
6:55 of 2nd period - Snap shot by Ryane Clowe.
6:55 of 2nd period - Goal by Ryane Clowe - Flyers : 2 - Sharks : 3.
6:56 of 2nd period - David Legwand wins face-off versus Jeff Carter in neutral zone.
7:26 of 2nd period - Jeff Woywitka is hit by Ryane Clowe and loses puck.
9:28 of 2nd period - Snap shot by David Legwand.
9:28 of 2nd period - Stopped by Cory Schneider with a rebound.
9:30 of 2nd period - Slapshot by Brad Boyes.
9:30 of 2nd period - Stopped by Cory Schneider with a rebound.
9:32 of 2nd period - Wrist shot by Brad Boyes.
9:32 of 2nd period - Goal by Brad Boyes - Flyers : 2 - Sharks : 4.
9:32 of 2nd period - Steve Mason enters game.
9:33 of 2nd period - Jeff Carter wins face-off versus David Legwand in neutral zone.
9:36 of 2nd period - Wrist shot by Jakub Voracek.
9:36 of 2nd period - Shot Blocked by Mike Green.
9:42 of 2nd period - Mike Green is hit by Jakub Voracek and loses puck.
10:01 of 2nd period - Slapshot by Jonathan Ericsson.
10:01 of 2nd period - Stopped by Frederik Andersen with a rebound.
10:03 of 2nd period - Snap shot by Jeff Woywitka.
10:03 of 2nd period - Shot Misses the Net.
10:05 of 2nd period - Slapshot by Kyle Wellwood.
10:05 of 2nd period - Shot Misses the Net.
10:07 of 2nd period - Snap shot by Kyle Wellwood.
10:07 of 2nd period - Shot Blocked by Antoine Vermette.
10:09 of 2nd period - Slapshot by Dany Heatley.
10:09 of 2nd period - Stopped by Frederik Andersen without a rebound.
10:10 of 2nd period - David Legwand wins face-off versus Jeff Carter in Sharks zone.
10:57 of 2nd period - Brock Nelson is hit by Mike Green and loses puck.
11:22 of 2nd period - Minor Penalty to Damien Brunner for Interference.
11:23 of 2nd period - Jakub Voracek wins face-off versus Greg Campbell in Sharks zone.
11:51 of 2nd period - Snap shot by Kyle Wellwood.
11:51 of 2nd period - Shot Misses the Net.
11:53 of 2nd period - Slapshot by Jonathan Ericsson.
11:53 of 2nd period - Stopped by Frederik Andersen without a rebound.
11:54 of 2nd period - Kyle Wellwood wins face-off versus Derek Boogaard in Sharks zone.
12:01 of 2nd period - Andrej Sekera is hit by Dany Heatley and loses puck.
12:16 of 2nd period - Andrej Sekera is hit by Kyle Wellwood and loses puck.
12:33 of 2nd period - Snap shot by Alexei Morozov.
12:33 of 2nd period - Deflect By Kyle Wellwood.
12:33 of 2nd period - Goal by Kyle Wellwood - Flyers : 3 - Sharks : 4.
12:34 of 2nd period - Jeff Carter wins face-off versus David Legwand in neutral zone.
12:37 of 2nd period - Slapshot by Jeff Carter.
12:37 of 2nd period - Shot Misses the Net.
13:05 of 2nd period - Slapshot by Matt Smaby.
13:05 of 2nd period - Shot Blocked by Kevin Shattenkirk.
14:36 of 2nd period - Slapshot by Greg Campbell.
14:36 of 2nd period - Shot Misses the Net.
14:52 of 2nd period - Snap shot by David Legwand.
14:52 of 2nd period - Stopped by Steve Mason without a rebound.
14:53 of 2nd period - David Legwand wins face-off versus Matthew Lombardi in Flyers zone.
15:04 of 2nd period - Wrist shot by Derek Boogaard.
15:04 of 2nd period - Stopped by Steve Mason without a rebound.
15:05 of 2nd period - David Legwand wins face-off versus Jeff Carter in Flyers zone.
15:12 of 2nd period - Snap shot by David Legwand.
15:12 of 2nd period - Goal by David Legwand - Flyers : 3 - Sharks : 5.
15:13 of 2nd period - David Legwand wins face-off versus Jeff Carter in neutral zone.
15:22 of 2nd period - Jeff Carter is hit by Mike Green and loses puck.
16:04 of 2nd period - Mats Zuccarello is hit by Damien Brunner and loses puck.
16:23 of 2nd period - Tuomo Ruutu is hit by Jakub Voracek and loses puck.
17:16 of 2nd period - Minor Penalty to Boris Valabik for Slashing.
17:17 of 2nd period - Jeff Carter wins face-off versus Greg Campbell in Sharks zone.
17:21 of 2nd period - Snap shot by Jeff Carter.
17:21 of 2nd period - Goal by Jeff Carter - Flyers : 4 - Sharks : 5.
17:22 of 2nd period - Jeff Carter wins face-off versus David Legwand in neutral zone.
17:25 of 2nd period - Slapshot by Jeff Woywitka.
17:25 of 2nd period - Shot Blocked by David Legwand.
17:27 of 2nd period - Snap shot by Jakub Voracek.
17:27 of 2nd period - Shot Misses the Net.
17:29 of 2nd period - Slapshot by Jonathan Ericsson.
17:29 of 2nd period - Shot Blocked by Mike Green.
17:31 of 2nd period - Slapshot by Chris Kreider.
17:31 of 2nd period - Shot Blocked by Derek Boogaard.
17:33 of 2nd period - Slapshot by Jeff Woywitka.
17:33 of 2nd period - Shot Blocked by David Legwand.
17:35 of 2nd period - Slapshot by Jeff Woywitka.
17:35 of 2nd period - Stopped by Frederik Andersen with a rebound.
17:37 of 2nd period - Snap shot by Chris Kreider.
17:37 of 2nd period - Shot Blocked by Derek Boogaard.
17:47 of 2nd period - Dany Heatley is hit by Kevin Shattenkirk and loses puck.
17:52 of 2nd period - Snap shot by Antoine Vermette.
17:52 of 2nd period - Shot Misses the Net.
17:58 of 2nd period - Snap shot by Alexei Morozov.
17:58 of 2nd period - Stopped by Frederik Andersen without a rebound.
17:59 of 2nd period - Chris Kreider wins face-off versus David Legwand in Sharks zone.
18:21 of 2nd period - Icing by Pavel Kubina.
18:22 of 2nd period - Kyle Wellwood wins face-off versus Antoine Vermette in Flyers zone.
18:22 of 2nd period - Kyle Wellwood is hit by Kevin Shattenkirk.
18:29 of 2nd period - Minor Penalty to Nick Palmieri for Hooking.
18:30 of 2nd period - Jeff Carter wins face-off versus Greg Campbell in Sharks zone.
18:36 of 2nd period - Snap shot by Jakub Voracek.
18:36 of 2nd period - Stopped by Frederik Andersen without a rebound.
18:37 of 2nd period - Greg Campbell wins face-off versus Jeff Carter in Sharks zone.
Goals for this period are 4 for Flyers vs 4 for Sharks.
Shots for this period are 16 for Flyers vs 12 for Sharks.

3rd period


0:01 of 3rd period - Greg Campbell wins face-off versus Jeff Carter in neutral zone.
0:29 of 3rd period - Penalty to Nick Palmieri is over, Nick Palmieri is back on ice.
0:42 of 3rd period - Snap shot by Brad Boyes.
0:42 of 3rd period - Shot Misses the Net.
0:58 of 3rd period - Snap shot by Chris Kreider.
0:58 of 3rd period - Stopped by Frederik Andersen without a rebound.
0:59 of 3rd period - David Legwand wins face-off versus Kyle Wellwood in Sharks zone.
1:08 of 3rd period - Wrist shot by David Legwand.
1:08 of 3rd period - Goal by David Legwand - Flyers : 4 - Sharks : 6.
1:09 of 3rd period - David Legwand wins face-off versus Alexei Morozov in neutral zone.
1:16 of 3rd period - Slapshot by Kevin Shattenkirk.
1:16 of 3rd period - Stopped by Steve Mason without a rebound.
1:17 of 3rd period - Kyle Wellwood wins face-off versus David Legwand in Flyers zone.
2:57 of 3rd period - Snap shot by Brad Boyes.
2:57 of 3rd period - Stopped by Steve Mason without a rebound.
2:58 of 3rd period - Jeff Carter wins face-off versus Antoine Vermette in Flyers zone.
3:03 of 3rd period - Jakub Voracek is hit by Ryane Clowe and loses puck.
3:26 of 3rd period - Snap shot by Damien Brunner.
3:26 of 3rd period - Stopped by Steve Mason with a rebound.
4:10 of 3rd period - Snap shot by Nick Palmieri.
4:10 of 3rd period - Stopped by Steve Mason with a rebound.
4:28 of 3rd period - Snap shot by Damien Brunner.
4:28 of 3rd period - Shot Misses the Net.
5:03 of 3rd period - Nick Palmieri is hit by Jeff Woywitka and loses puck.
5:36 of 3rd period - Icing by Andrej Sekera.
5:37 of 3rd period - Jeff O'Neill wins face-off versus Greg Campbell in Sharks zone.
6:04 of 3rd period - Wrist shot by Jakub Voracek.
6:04 of 3rd period - Goal by Jakub Voracek - Flyers : 5 - Sharks : 6.
6:05 of 3rd period - Jeff Carter wins face-off versus David Legwand in neutral zone.
6:15 of 3rd period - Minor Penalty to Jeff Carter for Hooking.
6:16 of 3rd period - David Legwand wins face-off versus Matthew Lombardi in Flyers zone.
6:30 of 3rd period - Slapshot by Brad Boyes.
6:30 of 3rd period - Stopped by Steve Mason with a rebound.
6:50 of 3rd period - Backhand shot by Mike Green.
6:50 of 3rd period - Deflect By Antoine Vermette.
6:50 of 3rd period - Shot Misses the Net.
6:50 of 3rd period - Puck is out of play.
6:51 of 3rd period - Antoine Vermette wins face-off versus Jeff O'Neill in Flyers zone.
6:58 of 3rd period - Snap shot by Nick Palmieri.
6:58 of 3rd period - Goal by Nick Palmieri - Flyers : 5 - Sharks : 7.
6:59 of 3rd period - Jeff Carter wins face-off versus David Legwand in neutral zone.
7:08 of 3rd period - Snap shot by Jeff Carter.
7:08 of 3rd period - Stopped by Frederik Andersen without a rebound.
7:09 of 3rd period - Jeff Carter wins face-off versus Derek Boogaard in Sharks zone.
7:17 of 3rd period - Wrist shot by Jakub Voracek.
7:17 of 3rd period - Shot Blocked by Mike Green.
7:19 of 3rd period - Slapshot by Jonathan Ericsson.
7:19 of 3rd period - Deflect By Chris Kreider.
7:19 of 3rd period - Shot Misses the Net.
7:19 of 3rd period - Puck is out of play.
7:20 of 3rd period - David Legwand wins face-off versus Jeff Carter in Sharks zone.
7:51 of 3rd period - Snap shot by Mike Green.
7:51 of 3rd period - Shot Blocked by Matt Smaby.
7:53 of 3rd period - Snap shot by Brad Boyes.
7:53 of 3rd period - Stopped by Steve Mason with a rebound.
7:57 of 3rd period - Snap shot by David Legwand.
7:57 of 3rd period - Shot Misses the Net.
7:59 of 3rd period - Slapshot by Mike Green.
7:59 of 3rd period - Stopped by Steve Mason with a rebound.
8:01 of 3rd period - Wrist shot by Mike Green.
8:01 of 3rd period - Stopped by Steve Mason without a rebound.
8:02 of 3rd period - Jeff Carter wins face-off versus Antoine Vermette in Flyers zone.
8:02 of 3rd period - Jeff Carter is hit by Kim Johnsson.
8:10 of 3rd period - Slapshot by Lasse Kukkonen.
8:10 of 3rd period - Stopped by Steve Mason with a rebound.
8:17 of 3rd period - Jakub Voracek is hit by Nick Palmieri and loses puck.
8:56 of 3rd period - Snap shot by Mats Zuccarello.
8:56 of 3rd period - Stopped by Frederik Andersen without a rebound.
8:57 of 3rd period - David Legwand wins face-off versus Brock Nelson in Sharks zone.
9:02 of 3rd period - Wrist shot by Mike Green.
9:02 of 3rd period - Shot Misses the Net.
10:42 of 3rd period - Slapshot by Stefan Ruzicka.
10:42 of 3rd period - Deflect By Rostislav Olesz.
10:42 of 3rd period - Shot Misses the Net.
10:42 of 3rd period - Puck is out of play.
10:43 of 3rd period - Jeff Carter wins face-off versus Antoine Vermette in Sharks zone.
10:47 of 3rd period - Minor Penalty to Nick Palmieri for Slashing.
10:48 of 3rd period - Greg Campbell wins face-off versus Jeff Carter in Sharks zone.
12:47 of 3rd period - Penalty to Nick Palmieri is over, Nick Palmieri is back on ice.
13:03 of 3rd period - Wrist shot by Ryane Clowe.
13:03 of 3rd period - Shot Blocked by Jeff Woywitka.
13:05 of 3rd period - Snap shot by Nick Palmieri.
13:05 of 3rd period - Stopped by Steve Mason without a rebound.
13:06 of 3rd period - Jeff O'Neill wins face-off versus Greg Campbell in Flyers zone.
13:10 of 3rd period - Off-side.
13:11 of 3rd period - Jeff O'Neill wins face-off versus Greg Campbell in neutral zone.
13:16 of 3rd period - Wrist shot by Stefan Ruzicka.
13:16 of 3rd period - Stopped by Frederik Andersen with a rebound.
13:18 of 3rd period - Slapshot by Pavel Kubina.
13:18 of 3rd period - Stopped by Frederik Andersen without a rebound.
13:19 of 3rd period - David Legwand wins face-off versus Kyle Wellwood in Sharks zone.
13:19 of 3rd period - David Legwand is hit by Alexei Morozov.
14:13 of 3rd period - Wrist shot by Tuomo Ruutu.
14:13 of 3rd period - Stopped by Steve Mason with a rebound.
14:15 of 3rd period - Slapshot by Kim Johnsson.
14:15 of 3rd period - Stopped by Steve Mason without a rebound.
14:16 of 3rd period - David Legwand wins face-off versus Kyle Wellwood in Flyers zone.
14:29 of 3rd period - Wrist shot by Alexei Morozov.
14:29 of 3rd period - Shot Misses the Net.
14:40 of 3rd period - Icing by Lasse Kukkonen.
14:41 of 3rd period - Jeff O'Neill wins face-off versus Ryane Clowe in Sharks zone.
15:08 of 3rd period - David Legwand is hit by Nathan Paetsch.
15:34 of 3rd period - Slapshot by Alexei Morozov.
15:34 of 3rd period - Shot Misses the Net.
16:20 of 3rd period - Minor Penalty to Chris Kreider for Slashing.
16:21 of 3rd period - Matthew Lombardi wins face-off versus David Legwand in Flyers zone.
16:51 of 3rd period - Minor Penalty to Nick Palmieri for Roughing.
16:52 of 3rd period - Jeff Carter wins face-off versus David Legwand in Sharks zone.
16:57 of 3rd period - Snap shot by Alexei Morozov.
16:57 of 3rd period - Shot Misses the Net.
17:05 of 3rd period - Snap shot by Jeff Carter.
17:05 of 3rd period - Deflect By Alexei Morozov.
17:05 of 3rd period - Stopped by Frederik Andersen without a rebound.
17:06 of 3rd period - David Legwand wins face-off versus Jeff Carter in Sharks zone.
17:12 of 3rd period - Off-side.
17:13 of 3rd period - David Legwand wins face-off versus Jeff Carter in neutral zone.
17:58 of 3rd period - Matt Smaby is hit by Antoine Vermette.
18:04 of 3rd period - Snap shot by Antoine Vermette.
18:04 of 3rd period - Stopped by Steve Mason with a rebound.
18:20 of 3rd period - Penalty to Chris Kreider is over, Chris Kreider is back on ice.
18:51 of 3rd period - Penalty to Nick Palmieri is over, Nick Palmieri is back on ice.
19:23 of 3rd period - Off-side.
19:24 of 3rd period - Antoine Vermette wins face-off versus Matthew Lombardi in neutral zone.
Goals for this period are 1 for Flyers vs 2 for Sharks.
Shots for this period are 7 for Flyers vs 15 for Sharks.